 Dungeon Crawl Stone Soup version 0.29.0-4-gdea44cf6ec (webtiles) character file.

Game seed: 42884169555427365

71554 qw the Brawler (level 14, 0/133 HPs)
             Began as a Troll Cinder Acolyte on Sept 2, 2022.
             Was an Elder of Okawaru.
             Slain by a 13-headed hydra (6 damage)
             ... summoned by a human
             ... on level 13 of the Dungeon.
             The game lasted 00:12:49 (17649 turns).

qw the Brawler (Troll Cinder Acolyte)              Turns: 17649, Time: 00:12:50

Health: 0/133      AC: 20    Str: 29    XL:     14   Next: 98%
Magic:  20/20      EV: 12    Int: 16    God:    Okawaru [****..]
Gold:   194        SH: 21    Dex:  5    Spells: 15/15 levels left

rFire   . . .      SeeInvis .     - Unarmed
rCold   . . .      Faith    .   w - +3 tower shield of the Unseen Realm {Int+6}
rNeg    . . .      Spirit   .   n - +1 swamp dragon scales
rPois   +          Reflect  .   r - +1 hat
rElec   .          Harm     .   v - +2 cloak {Stlth+}
rCorr   .          Rampage  .   (gloves unavailable)
Will    +....      Clarity  +   (boots unavailable)
Stlth   +++.......              l - amulet of regeneration
HPRegen 1.92/turn               o - +4 ring of evasion
MPRegen 0.17/turn               k - +4 ring of protection

@: about to teleport, heroic
A: large, unfitting armour, claws 3, regeneration 1, shaggy fur 1, tough skin 1,
clarity, screaming 1
a: Renounce Religion, Heroism, Finesse


You were on level 13 of the Dungeon.
You worshipped Okawaru.
Okawaru was greatly pleased with you.
You visited 3 branches of the dungeon, and saw 19 of its levels.
You also visited: Gauntlet.

You collected 1371 gold pieces.
You spent 1177 gold pieces at shops.


Innate Abilities, Weirdness & Mutations

You are too large for most types of armour.
You have claws for hands.
Your natural rate of healing is unusually fast.
You are covered in fur. (AC +1)
You have tough skin. (AC +1)
You possess an exceptional clarity of mind.
You occasionally shout uncontrollably at your foes.


   Skills:
 - Level 7.0(12.0) Fighting
 - Level 5.9(10.9) Throwing
 - Level 3.1(8.1) Armour
 - Level 1.2(6.2) Dodging
 + Level 13.7(18.7) Shields
 - Level 17.0(22.0) Unarmed Combat
 - Level 1.0 Spellcasting
 - Level 2.1 Fire Magic
 + Level 9.4 Invocations


You had 15 spell levels left.
You didn't know any spells.
Your spell library contained the following spells:

 Spells                   Type           Power      Damage    Failure   Level
 Scorch                   Fire           14%        2d6       36%         2

Inventory:

Missiles
 m - 3 silver javelins (quivered)
 u - 3 javelins
 z - a silver boomerang
 A - 4 boomerangs
Armour
 a - the +3 hat of Pondering {ponderous, Will+ MP+10 Int+5}
   (You took it off Gastronok on level 2 of the Lair of Beasts)

   Int:       It affects your intelligence (+5).
   MP:        It affects your magic capacity (+10).
   Will:      It increases your willpower.
 n - +1 swamp dragon scales (worn)
 r - a +1 hat (worn)
 s - the +1 hat of Skepticism {-Tele Rampage rCorr}
   (You found it in a Gauntlet)

   -Tele:     It prevents most forms of teleportation.
   rCorr:     It protects you from acid and corrosion.
   Rampage:   It bestows one free step when moving towards enemies.
 v - a +2 cloak of stealth (worn)
 w - the +3 tower shield of the Unseen Realm (worn) {Int+6}
   (You acquired it on level 5 of the Lair of Beasts)

   Int:       It affects your intelligence (+6).
Jewellery
 j - a ring of protection from fire
 k - a +4 ring of protection (right claw)
 l - an amulet of regeneration (around neck)
 o - a +4 ring of evasion (left claw)
 p - a ring of fire
 q - a ring of poison resistance
Wands
 y - a wand of digging (4)
Scrolls
 d - 7 scrolls of brand weapon
 e - 15 scrolls of identify
 f - 7 scrolls of teleportation
 i - 8 scrolls of enchant weapon
Potions
 b - 7 potions of mutation
 c - 10 potions of curing
 g - a potion of might
 h - 2 potions of haste
 x - 4 potions of heal wounds

Dungeon Overview and Level Annotations

Branches:
Dungeon (13/15)            Temple (1/1) D:7            Lair (5/5) D:9
 Shoals (0/4) Lair:2        Snake (0/4) Lair:2        Slime (0/5) Lair:5
    Orc (0/2) D:11        Gauntlet (visited)
 Vaults: D:13-14

Altars:
Ashenzari
Cheibriados
Dithmenos
Elyvilon
Fedhas
Gozag
Hepliaklqana
Kikubaaqudgha
Makhleb
Nemelex Xobeh
Okawaru
Qazlal
Ru
Sif Muna
Trog
Uskayaw
Vehumet
Wu Jian
Xom
Yredelemnul
Zin
The Shining One

Shops:
D:5 (   D:6 *   D:9 =   D:11 [*!*

Annotations:
D:8 3 runed translucent doors, qw's ghost, novice TrCA


Message History

The 12-headed hydra closely misses you.
The 12-headed hydra completely misses you.
The 12-headed hydra bites you but does no damage.
The 12-headed hydra closely misses you. The human hits you but does no damage.
The skeletal warrior closely misses you.
You rip one of the 12-headed hydra's heads off!
The 11-headed hydra grows two more!
You claw the 13-headed hydra!
The 13-headed hydra is almost dead.
You block the 13-headed hydra's attack. The 13-headed hydra misses you.
You block the 13-headed hydra's attack. x2
The 13-headed hydra bites you but does no damage.
The 13-headed hydra barely misses you. The 13-headed hydra misses you.
The 13-headed hydra bites you but does no damage.
The 13-headed hydra bites you. The 13-headed hydra misses you.
The 13-headed hydra bites you but does no damage.
You block the 13-headed hydra's attack. x2; The human hits you.
The skeletal warrior hits you from afar with a +0 trident!!
17648 ||| READING 8 scrolls of teleportation.
As you read the scroll of teleportation, it crumbles to dust.
You feel strangely unstable. You block the human's attack.
You block the 13-headed hydra's attack. The 13-headed hydra closely misses you.
You block the 13-headed hydra's attack.
The 13-headed hydra bites you but does no damage.
The 13-headed hydra bites you! You block the 13-headed hydra's attack.
The 13-headed hydra closely misses you. The 13-headed hydra misses you.
You block the 13-headed hydra's attack. x3; The 13-headed hydra misses you.
The 13-headed hydra bites you but does no damage.
The skeletal warrior hits you but does no damage.
17649 ||| DRINKING 5 potions of heal wounds.
You feel much better. You block the human's attack.
The 13-headed hydra closely misses you. You block the 13-headed hydra's attack.
The 13-headed hydra bites you! The 13-headed hydra closely misses you.
The 13-headed hydra bites you but does no damage.
You block the 13-headed hydra's attack.
The 13-headed hydra bites you but does no damage. x3
The 13-headed hydra bites you.
The 13-headed hydra bites you but does no damage.
You block the 13-headed hydra's attack. The 13-headed hydra bites you.
You die...

#.......#.###
#...........#
#.^.###.#.#.#
#####....##...#.#
..p....¤.........#
#######'''##..$###
#¤.¤..#...z.#
.'p.p..#..W#.#
.p'..}((#.pQD@#
c.p.'.....#))O#p#
...p#.....#)..#.#
''p########.>.#..
#...######
#..(..?...
#..####### #..#
#..#


You could see a 13-headed hydra (summoned), a skeletal warrior (summoned), a
tengu warrior (summoned), a two-headed ogre (summoned), 2 humans and a wraith
(summoned).

Vanquished Creatures
  Gastronok (Lair:2)
  A minotaur (Gauntlet)
  Snorg (Lair:4)
  Josephine (D:9)
  A boulder beetle (D:12)
  2 catoblepae
  4 hydras
  Erica (D:8)
  2 two-headed ogres
  2 centaur warriors
  3 death yaks
  A tengu warrior (D:13)
  A death scarab (Gauntlet)
  2 goliath frogs (Lair:5)
  A spectral death yak (Gauntlet)
  An orange crystal statue (Gauntlet)
  A necromancer (D:9)
  2 cyclopes (D:11)
  2 ugly things (D:12)
  5 slime creatures
  2 manticores
  6 elephants (Lair:2)
  8 black mambas
  2 torpor snails
  A gargoyle (D:13)
  16 cane toads
  5 unseen horror zombies (D:9)
  3 unseen horrors
  5 rime drakes
  Maggie (D:8)
  10 komodo dragons
  3 kobold demonologists
  An unseen horror skeleton (D:9)
  2 polar bears (Lair:3)
  2 merfolk (Lair:2)
  3 tyrant leeches (Lair:5)
  5 trolls
  29 blink frogs
  7 dream sheep
  4 flying skulls (D:9)
  Sigmund (D:3)
  A shadow (D:13)
  3 wyverns
  8 humans (D:13)
  2 vampires
  5 wraiths
  8 basilisks
  Grum (D:8)
  62 yaks
  15 fire elementals
  5 vampire mosquitoes (Lair:5)
  A warg (D:11)
  3 acid dragons
  7 nagas (Lair:2)
  12 water moccasins
  2 orc warriors
  2 black bears
  2 ogres (D:5)
  30 wolves
  10 centaurs
  A phantom (D:6)
  5 kobold brigands
  A wyvern zombie (D:9)
  21 bullfrogs
  5 gnoll sergeants
  A necrophage (D:7)
  2 scorpions
  9 wights (D:9)
  12 killer bees (D:10)
  A howler monkey (D:6)
  3 electric eels
  A crimson imp (D:5)
  5 hounds
  4 centaur zombies (D:9)
  6 jellies
  4 centaur skeletons (D:9)
  3 gnoll boudas
  10 orc priests
  Jessica (D:3)
  4 iguanas
  Ijyb (D:3)
  13 orc wizards
  4 hell rats (Lair:2)
  A killer bee zombie (D:9)
  2 howler monkey skeletons (D:9)
  2 adders
  30 gnolls
  A white imp (D:6)
  3 ufetubi
  2 worms
  2 dart slugs
  41 orcs
  3 ball pythons
  4 bats
  5 endoplasms
  6 giant cockroaches
  9 goblins
  7 hobgoblins
  5 jackals
  4 quokkas
  3 frilled lizards
  35 kobolds
  2 rats (D:2)
614 creatures vanquished.

Vanquished Creatures (others)
  4 demonic plants (Gauntlet)
  30 fungi
  120 plants
  A withered plant (Gauntlet)
155 creatures vanquished.

Grand Total: 769 creatures vanquished

Notes
Turn   | Place    | Note
-------+----------+-------------------------------------------
     0 | D:1      | qw the Troll Cinder Acolyte began the quest for the Orb.
     0 | D:1      | Reached XP level 1. HP: 22/22 MP: 1/1
     0 | D:1      | 0 ||| qw: Version: 0.1-a-97-g2dd2ca4
     0 | D:1      | 0 ||| qw: Game counter: 4964
     0 | D:1      | 0 ||| qw: Always use a shield: true
     0 | D:1      | 0 ||| qw: God list: Okawaru
     0 | D:1      | 0 ||| qw: Allow faded altars: false
     0 | D:1      | 0 ||| qw: Do Orc after D:15 true
     0 | D:1      | 0 ||| qw: Do second Lair branch before Depths: true
     0 | D:1      | 0 ||| qw: Lair rune preference: random
     0 | D:1      | 0 ||| qw: Plans: Normal
     0 | D:1      | 0 ||| PLANNING D:1-11
    60 | D:1      | 60 ||| Stepping ~*~*~tactically~*~*~ (hiding).
    66 | D:1      | 66 ||| Stepping ~*~*~tactically~*~*~ (hiding).
   216 | D:1      | Found a faded altar of an unknown god.
   249 | D:1      | Reached XP level 2. HP: 29/29 MP: 2/2
   252 | D:1      | 252 ||| Stepping ~*~*~tactically~*~*~ (stealth).
   255 | D:1      | 255 ||| Stepping ~*~*~tactically~*~*~ (outnumbered).
   332 | D:1      | 332 ||| Stepping ~*~*~tactically~*~*~ (outnumbered).
   333 | D:1      | 333 ||| Stepping ~*~*~tactically~*~*~ (outnumbered).
   334 | D:1      | 334 ||| Stepping ~*~*~tactically~*~*~ (outnumbered).
   335 | D:1      | 335 ||| Stepping ~*~*~tactically~*~*~ (outnumbered).
   336 | D:1      | 336 ||| Stepping ~*~*~tactically~*~*~ (outnumbered).
   409 | D:1      | Reached skill level 4 in Unarmed Combat
   573 | D:1      | Reached XP level 3. HP: 36/36 MP: 3/3
   804 | D:1      | 804 ||| READING 2 scrolls labelled LOABID ZATADU.
   888 | D:2      | Found a hazy altar of Hepliaklqana.
  1230 | D:2      | 1230 ||| Stepping ~*~*~tactically~*~*~ (hiding).
  1452 | D:2      | 1452 ||| UPGRADING to ring of positive energy.
  1453 | D:2      | 1453 ||| UPGRADING to +4 ring of protection.
  1454 | D:2      | 1454 ||| READING scroll labelled XAPOATSIDI.
  1455 | D:2      | 1455 ||| READING scroll labelled DITOKA YCSEL.
  1471 | D:2      | 1471 ||| READING scroll labelled YTYSEG WAMIE.
  1472 | D:2      | 1472 ||| READING scroll labelled OSUYSOTHEV.
  1473 | D:2      | 1473 ||| READING scroll labelled HAISU MYOSAL.
  1478 | D:2      | 1478 ||| READING scroll labelled FODOKUY AVABBA.
  1479 | D:2      | 1479 ||| DRINKING 2 emerald potions.
  1509 | D:3      | Noticed Sigmund
  1517 | D:3      | Killed Sigmund
  1518 | D:3      | Reached skill level 6 in Unarmed Combat
  1518 | D:3      | Reached XP level 4. HP: 34/44 MP: 4/4
  1518 | D:3      | Reached XP level 5. HP: 39/50 MP: 5/5
  1693 | D:3      | Noticed Ijyb
  1694 | D:3      | 1694 ||| Stepping ~*~*~tactically~*~*~ (hiding).
  1710 | D:3      | Killed Ijyb
  1815 | D:3      | 1815 ||| Stepping ~*~*~tactically~*~*~ (hiding).
  2210 | D:3      | Noticed Jessica
  2217 | D:3      | Killed Jessica
  2218 | D:3      | Reached XP level 6. HP: 45/57 MP: 6/6
  2500 | D:3      | 2500 ||| DROPPING +6 ring of intelligence.
  2501 | D:3      | 2501 ||| READING scroll labelled DENEKU TEQE.
  2502 | D:3      | 2502 ||| DRINKING 2 coppery potions.
  2503 | D:3      | 2503 ||| READING 2 scrolls of identify.
  2503 | D:3      | 2503 ||| IDENTIFYING bubbling white potion
  2504 | D:3      | 2504 ||| DROPPING potion of degeneration.
  2505 | D:3      | 2505 ||| DROPPING potion of invisibility.
  2752 | D:4      | 2752 ||| Stepping ~*~*~tactically~*~*~ (stealth).
  2757 | D:4      | 2757 ||| Stepping ~*~*~tactically~*~*~ (stealth).
  2759 | D:4      | 2759 ||| Stepping ~*~*~tactically~*~*~ (stealth).
  2762 | D:4      | 2762 ||| Stepping ~*~*~tactically~*~*~ (stealth).
  2775 | D:4      | Reached skill level 7 in Unarmed Combat
  2785 | D:4      | 2785 ||| Stepping ~*~*~tactically~*~*~ (stealth).
  2882 | D:4      | Found an ancient bone altar of Kikubaaqudgha.
  2882 | D:4      | Found a hide-covered altar of Uskayaw.
  2884 | D:4      | Found a white marble altar of Elyvilon.
  2884 | D:4      | Found a stormy altar of Qazlal.
  2918 | D:4      | 2918 ||| Stepping ~*~*~tactically~*~*~ (stealth).
  2976 | D:4      | Found a shimmering blue altar of Sif Muna.
  3174 | D:4      | 3174 ||| Stepping ~*~*~tactically~*~*~ (stealth).
  3176 | D:4      | 3176 ||| Stepping ~*~*~tactically~*~*~ (stealth).
  3177 | D:4      | 3177 ||| Stepping ~*~*~tactically~*~*~ (stealth).
  3288 | D:4      | 3288 ||| READING scroll labelled UTORCH XEIMP.
  3289 | D:4      | 3289 ||| READING 2 scrolls of identify.
  3289 | D:4      | 3289 ||| IDENTIFYING golden potion
  3321 | D:5      | Entered Level 5 of the Dungeon
  3322 | D:5      | 3322 ||| STAIRDANCE
  3330 | D:5      | HP: 10/59 [ogre/+0 giant spiked club (30)]
  3331 | D:5      | 3331 ||| READING scroll of teleportation.
  3332 | D:5      | 3332 ||| DRINKING potion of heal wounds.
  3333 | D:5      | 3333 ||| INVOKING Fiery Armour.
  3392 | D:5      | Found a burning altar of Makhleb.
  3396 | D:5      | Reached skill level 8 in Unarmed Combat
  3396 | D:5      | Reached XP level 7. HP: 66/66 MP: 7/7
  3489 | D:5      | Reached skill level 3 in Fighting
  3514 | D:5      | Found Vesmuack's Weapon Shop.
  3559 | D:5      | 3559 ||| INVOKING Fiery Armour.
  3603 | D:5      | Found a basalt altar of Yredelemnul.
  3816 | D:6      | 3816 ||| Stepping ~*~*~tactically~*~*~ (outnumbered).
  3817 | D:6      | 3817 ||| Stepping ~*~*~tactically~*~*~ (outnumbered).
  3818 | D:6      | 3818 ||| Stepping ~*~*~tactically~*~*~ (outnumbered).
  3819 | D:6      | 3819 ||| Stepping ~*~*~tactically~*~*~ (outnumbered).
  3820 | D:6      | 3820 ||| Stepping ~*~*~tactically~*~*~ (outnumbered).
  3821 | D:6      | 3821 ||| Stepping ~*~*~tactically~*~*~ (outnumbered).
  3829 | D:6      | 3829 ||| Stepping ~*~*~tactically~*~*~ (stealth).
  3841 | D:6      | Reached skill level 9 in Unarmed Combat
  3842 | D:6      | 3842 ||| DRINKING 5 potions of curing.
  3842 | D:6      | 3842 ||| (to cure confusion)
  3872 | D:6      | Reached skill level 1 in Dodging
  3877 | D:6      | 3877 ||| Stepping ~*~*~tactically~*~*~ (hiding).
  3878 | D:6      | 3878 ||| Stepping ~*~*~tactically~*~*~ (hiding).
  3883 | D:6      | Reached XP level 8. HP: 75/75 MP: 8/8
  3903 | D:6      | 3903 ||| Stepping ~*~*~tactically~*~*~ (stealth).
  3904 | D:6      | 3904 ||| Stepping ~*~*~tactically~*~*~ (stealth).
  3970 | D:6      | Found Miyp's Overcharged Wands.
  3991 | D:6      | 3991 ||| SHOPLISTING wand of digging (11) (693 gold, have
                  | 419).
  4018 | D:6      | 4018 ||| INVOKING Fiery Armour.
  4026 | D:6      | 4026 ||| Stepping ~*~*~tactically~*~*~ (outnumbered).
  4028 | D:6      | 4028 ||| FLEEEEING.
  4034 | D:6      | 4034 ||| Stepping ~*~*~tactically~*~*~ (outnumbered).
  4083 | D:6      | 4083 ||| Stepping ~*~*~tactically~*~*~ (outnumbered).
  4084 | D:6      | 4084 ||| Stepping ~*~*~tactically~*~*~ (outnumbered).
  4100 | D:6      | 4100 ||| Stepping ~*~*~tactically~*~*~ (outnumbered).
  4122 | D:6      | 4122 ||| Stepping ~*~*~tactically~*~*~ (outnumbered).
  4123 | D:6      | 4123 ||| Stepping ~*~*~tactically~*~*~ (outnumbered).
  4124 | D:6      | 4124 ||| Stepping ~*~*~tactically~*~*~ (outnumbered).
  4225 | D:6      | Reached skill level 10 in Unarmed Combat
  4266 | D:6      | 4266 ||| INVOKING Fiery Armour.
  4267 | D:6      | 4267 ||| Stepping ~*~*~tactically~*~*~ (hiding).
  4273 | D:6      | 4273 ||| Stepping ~*~*~tactically~*~*~ (hiding).
  4277 | D:6      | 4277 ||| DRINKING 4 potions of curing.
  4277 | D:6      | 4277 ||| (to cure confusion)
  4408 | D:6      | 4408 ||| Stepping ~*~*~tactically~*~*~ (stealth).
  4409 | D:6      | 4409 ||| Stepping ~*~*~tactically~*~*~ (stealth).
  4416 | D:6      | 4416 ||| Stepping ~*~*~tactically~*~*~ (outnumbered).
  4446 | D:6      | 4446 ||| Stepping ~*~*~tactically~*~*~ (stealth).
  4450 | D:6      | 4450 ||| Stepping ~*~*~tactically~*~*~ (hiding).
  4455 | D:6      | 4455 ||| Stepping ~*~*~tactically~*~*~ (stealth).
  4502 | D:6      | Found an opulent altar of Gozag.
  4520 | D:6      | Found a shimmering altar of Xom.
  4609 | D:6      | Found a bloodstained altar of Trog.
  4618 | D:6      | Found a snail-covered altar of Cheibriados.
  4660 | D:6      | 4660 ||| UPGRADING to +0 cloak.
  4665 | D:6      | 4665 ||| DROPPING amulet of magic regeneration.
  4666 | D:6      | 4666 ||| DRINKING 2 brown potions.
  4666 | D:6      | Gained mutation: You expend magic power (3 MP) to
                  | strengthen your wands. [potion of mutation]
  4666 | D:6      | Lost mutation: You expend magic power (3 MP) to strengthen
                  | your wands. [potion of mutation]
  4666 | D:6      | Gained mutation: You possess an exceptional clarity of
                  | mind. [potion of mutation]
  4667 | D:6      | 4667 ||| READING 6 scrolls of identify.
  4667 | D:6      | 4667 ||| IDENTIFYING fizzy green potion
  4668 | D:6      | 4668 ||| READING 5 scrolls of identify.
  4668 | D:6      | 4668 ||| IDENTIFYING bubbling brown potion
  4669 | D:6      | 4669 ||| READING 4 scrolls of identify.
  4669 | D:6      | 4669 ||| IDENTIFYING fuming amethyst potion
  4670 | D:6      | 4670 ||| DROPPING potion of lignification.
  4671 | D:6      | 4671 ||| DROPPING potion of magic.
  4844 | D:7      | 4844 ||| Stepping ~*~*~tactically~*~*~ (stealth).
  4994 | D:7      | Reached skill level 11 in Unarmed Combat
  5029 | D:7      | Found a staircase to the Ecumenical Temple.
  5335 | D:7      | 5335 ||| UPGRADING to amulet of regeneration.
  5340 | D:7      | 5340 ||| READING scroll labelled OTIPPI YFEIWKO.
  5341 | D:7      | 5341 ||| READING 5 scrolls of identify.
  5341 | D:7      | 5341 ||| IDENTIFYING inky potion
  5342 | D:7      | 5342 ||| READING 4 scrolls of identify.
  5342 | D:7      | 5342 ||| IDENTIFYING amethyst potion
  5343 | D:7      | 5343 ||| DROPPING potion of ambrosia.
  5344 | D:7      | 5344 ||| DROPPING potion of brilliance.
  5480 | D:8      | Noticed Maggie
  5481 | D:8      | Noticed Erica
  5482 | D:8      | 5482 ||| INVOKING Fiery Armour.
  5494 | D:8      | Killed Erica
  5495 | D:8      | Reached skill level 12 in Unarmed Combat
  5495 | D:8      | Reached XP level 9. HP: 41/84 MP: 9/9
  5500 | D:8      | Killed Maggie
  5691 | D:8      | Found a runed translucent gate.
  5692 | D:8      | Found a runed translucent gate.
  5719 | D:8      | 5719 ||| Stepping ~*~*~tactically~*~*~ (outnumbered).
  5905 | D:8      | Identified the +0 chain mail "Put-Me-On" {Regen+ Str+2
                  | Int+4 Dex-4}
  5923 | D:8      | Found a runed translucent gate.
  5924 | D:8      | Noticed an 11-headed hydra
  5925 | D:8      | Noticed an 11-headed hydra
  5925 | D:8      | Noticed qw's ghost (novice TrCA)
  5970 | D:8      | 5970 ||| Stepping ~*~*~tactically~*~*~ (stealth).
  5976 | D:8      | 5976 ||| Stepping ~*~*~tactically~*~*~ (stealth).
  5978 | D:8      | Noticed Grum
  5979 | D:8      | 5979 ||| INVOKING Fiery Armour.
  5990 | D:8      | Killed Grum
  5991 | D:8      | Reached skill level 13 in Unarmed Combat
  6105 | D:8      | Reached skill level 1 in Armour
  6110 | D:8      | 6110 ||| INVOKING Fiery Armour.
  6112 | D:8      | HP: 22/88 [orc warrior/+0 halberd (15)]
  6327 | D:8      | 6327 ||| UPGRADING to +1 robe of willpower.
  6337 | D:8      | 6337 ||| DROPPING +0 robe.
  6338 | D:8      | 6338 ||| UPGRADING to +0 swamp dragon scales.
  6348 | D:8      | 6348 ||| DROPPING +1 robe of willpower.
  6349 | D:8      | 6349 ||| READING scroll labelled CUERHO QUUT.
  6350 | D:8      | 6350 ||| DRINKING 2 fizzy dark potions.
  6351 | D:8      | 6351 ||| DROPPING potion of attraction.
  6374 | D:9      | 6374 ||| STAIRDANCE
  6418 | D:9      | 6418 ||| STAIRDANCE
  6420 | D:8      | 6420 ||| Stepping ~*~*~tactically~*~*~ (outnumbered).
  6421 | D:8      | 6421 ||| Stepping ~*~*~tactically~*~*~ (outnumbered).
  6471 | D:9      | 6471 ||| STAIRDANCE
  6473 | D:8      | 6473 ||| Stepping ~*~*~tactically~*~*~ (outnumbered).
  6520 | D:9      | 6520 ||| STAIRDANCE
  6565 | D:9      | 6565 ||| STAIRDANCE
  6634 | D:9      | Reached XP level 10. HP: 90/96 MP: 10/10
  6641 | D:9      | 6641 ||| Stepping ~*~*~tactically~*~*~ (outnumbered).
  6642 | D:9      | 6642 ||| Stepping ~*~*~tactically~*~*~ (outnumbered).
  6643 | D:9      | 6643 ||| Stepping ~*~*~tactically~*~*~ (outnumbered).
  6644 | D:9      | 6644 ||| Stepping ~*~*~tactically~*~*~ (outnumbered).
  6645 | D:9      | 6645 ||| Stepping ~*~*~tactically~*~*~ (stealth).
  6645 | D:9      | Found an ornate altar of the Wu Jian Council.
  6646 | D:9      | 6646 ||| Stepping ~*~*~tactically~*~*~ (stealth).
  6649 | D:9      | 6649 ||| Stepping ~*~*~tactically~*~*~ (outnumbered).
  6665 | D:9      | 6665 ||| FLEEEEING.
  6739 | D:9      | 6739 ||| Stepping ~*~*~tactically~*~*~ (stealth).
  6742 | D:9      | 6742 ||| Stepping ~*~*~tactically~*~*~ (outnumbered).
  6743 | D:9      | 6743 ||| Stepping ~*~*~tactically~*~*~ (outnumbered).
  6744 | D:9      | 6744 ||| Stepping ~*~*~tactically~*~*~ (outnumbered).
  6745 | D:9      | 6745 ||| Stepping ~*~*~tactically~*~*~ (outnumbered).
  6746 | D:9      | 6746 ||| Stepping ~*~*~tactically~*~*~ (outnumbered).
  6747 | D:9      | 6747 ||| Stepping ~*~*~tactically~*~*~ (outnumbered).
  6748 | D:9      | 6748 ||| Stepping ~*~*~tactically~*~*~ (outnumbered).
  6754 | D:9      | 6754 ||| Stepping ~*~*~tactically~*~*~ (outnumbered).
  6755 | D:9      | 6755 ||| Stepping ~*~*~tactically~*~*~ (outnumbered).
  6756 | D:9      | 6756 ||| Stepping ~*~*~tactically~*~*~ (outnumbered).
  6757 | D:9      | 6757 ||| Stepping ~*~*~tactically~*~*~ (outnumbered).
  6758 | D:9      | 6758 ||| Stepping ~*~*~tactically~*~*~ (outnumbered).
  6759 | D:9      | 6759 ||| Stepping ~*~*~tactically~*~*~ (outnumbered).
  6760 | D:9      | 6760 ||| Stepping ~*~*~tactically~*~*~ (outnumbered).
  6761 | D:9      | 6761 ||| Stepping ~*~*~tactically~*~*~ (outnumbered).
  6762 | D:9      | 6762 ||| Stepping ~*~*~tactically~*~*~ (outnumbered).
  6768 | D:9      | Reached skill level 14 in Unarmed Combat
  6783 | D:9      | 6783 ||| Stepping ~*~*~tactically~*~*~ (stealth).
  6787 | D:9      | 6787 ||| INVOKING Fiery Armour.
  6791 | D:9      | 6791 ||| Stepping ~*~*~tactically~*~*~ (outnumbered).
  6799 | D:9      | Reached skill level 3 in Armour
  6821 | D:9      | 6821 ||| Stepping ~*~*~tactically~*~*~ (outnumbered).
  6822 | D:9      | 6822 ||| Stepping ~*~*~tactically~*~*~ (outnumbered).
  6823 | D:9      | 6823 ||| Stepping ~*~*~tactically~*~*~ (outnumbered).
  6824 | D:9      | 6824 ||| Stepping ~*~*~tactically~*~*~ (outnumbered).
  6825 | D:9      | 6825 ||| Stepping ~*~*~tactically~*~*~ (outnumbered).
  6878 | D:9      | 6878 ||| Stepping ~*~*~tactically~*~*~ (hiding).
  7026 | D:9      | Reached skill level 6 in Fighting
  7037 | D:9      | Noticed Josephine
  7039 | D:9      | 7039 ||| INVOKING Fiery Armour.
  7040 | D:9      | 7040 ||| Stepping ~*~*~tactically~*~*~ (outnumbered).
  7040 | D:9      | Noticed a necromancer
  7041 | D:9      | 7041 ||| Stepping ~*~*~tactically~*~*~ (outnumbered).
  7042 | D:9      | 7042 ||| Stepping ~*~*~tactically~*~*~ (outnumbered).
  7043 | D:9      | 7043 ||| Stepping ~*~*~tactically~*~*~ (outnumbered).
  7046 | D:9      | 7046 ||| Stepping ~*~*~tactically~*~*~ (outnumbered).
  7048 | D:9      | 7048 ||| Stepping ~*~*~tactically~*~*~ (outnumbered).
  7051 | D:9      | 7051 ||| Stepping ~*~*~tactically~*~*~ (outnumbered).
  7053 | D:9      | 7053 ||| Stepping ~*~*~tactically~*~*~ (outnumbered).
  7054 | D:9      | 7054 ||| Stepping ~*~*~tactically~*~*~ (outnumbered).
  7059 | D:9      | 7059 ||| Stepping ~*~*~tactically~*~*~ (outnumbered).
  7060 | D:9      | 7060 ||| Stepping ~*~*~tactically~*~*~ (outnumbered).
  7072 | D:9      | Killed Josephine
  7073 | D:9      | Reached skill level 15 in Unarmed Combat
  7073 | D:9      | Reached XP level 11. HP: 74/105 MP: 11/11
  7074 | D:9      | Killed a necromancer
  7119 | D:9      | 7119 ||| Stepping ~*~*~tactically~*~*~ (stealth).
  7127 | D:9      | 7127 ||| Stepping ~*~*~tactically~*~*~ (outnumbered).
  7132 | D:9      | 7132 ||| Stepping ~*~*~tactically~*~*~ (outnumbered).
  7133 | D:9      | 7133 ||| Stepping ~*~*~tactically~*~*~ (outnumbered).
  7136 | D:9      | 7136 ||| Stepping ~*~*~tactically~*~*~ (outnumbered).
  7137 | D:9      | 7137 ||| Stepping ~*~*~tactically~*~*~ (outnumbered).
  7159 | D:9      | 7159 ||| Stepping ~*~*~tactically~*~*~ (stealth).
  7172 | D:9      | Found a staircase to the Lair.
  7177 | D:9      | 7177 ||| Stepping ~*~*~tactically~*~*~ (stealth).
  7178 | D:9      | 7178 ||| Stepping ~*~*~tactically~*~*~ (stealth).
  7279 | D:9      | 7279 ||| Stepping ~*~*~tactically~*~*~ (stealth).
  7459 | D:9      | Found Wenowox's Jewellery Boutique.
  7462 | D:9      | 7462 ||| BUYING ring of fire (275 gold).
  7462 | D:9      | Bought a ring of fire for 275 gold pieces
  7462 | D:9      | 7462 ||| BUYING ring of poison resistance (220 gold).
  7462 | D:9      | Bought a ring of poison resistance for 220 gold pieces
  7462 | D:9      | 7462 ||| SHOPLISTING ring of protection from fire (275
                  | gold, have 96).
  7465 | D:9      | 7465 ||| Stepping ~*~*~tactically~*~*~ (stealth).
  7467 | D:9      | 7467 ||| Stepping ~*~*~tactically~*~*~ (stealth).
  7468 | D:9      | 7468 ||| Stepping ~*~*~tactically~*~*~ (stealth).
  7555 | D:9      | 7555 ||| Stepping ~*~*~tactically~*~*~ (stealth).
  7556 | D:9      | 7556 ||| Stepping ~*~*~tactically~*~*~ (stealth).
  7557 | D:9      | 7557 ||| Stepping ~*~*~tactically~*~*~ (stealth).
  7622 | D:9      | 7622 ||| PLANNING LAIR
  7622 | D:9      | 7622 ||| DROPPING orb of light.
  7623 | D:9      | 7623 ||| UPGRADING to +0 kite shield.
  7628 | D:9      | 7628 ||| UPGRADING to +4 ring of evasion.
  7630 | D:9      | 7630 ||| DROPPING ring of positive energy.
  7631 | D:9      | 7631 ||| READING scroll labelled ANTIMM IKURY.
  7652 | D:9      | Reached skill level 1 in Shields
  7658 | Lair:1   | Entered Level 1 of the Lair of Beasts
  7671 | Lair:1   | 7671 ||| Stepping ~*~*~tactically~*~*~ (hiding).
  7672 | Lair:1   | 7672 ||| Stepping ~*~*~tactically~*~*~ (hiding).
  7815 | Lair:1   | Reached skill level 3 in Shields
  7879 | Lair:1   | 7879 ||| INVOKING Fiery Armour.
  7889 | Lair:1   | 7889 ||| Stepping ~*~*~tactically~*~*~ (outnumbered).
  7910 | Lair:1   | 7910 ||| Stepping ~*~*~tactically~*~*~ (outnumbered).
  7911 | Lair:1   | 7911 ||| Stepping ~*~*~tactically~*~*~ (outnumbered).
  7912 | Lair:1   | 7912 ||| Stepping ~*~*~tactically~*~*~ (outnumbered).
  7913 | Lair:1   | 7913 ||| Stepping ~*~*~tactically~*~*~ (outnumbered).
  7914 | Lair:1   | 7914 ||| Stepping ~*~*~tactically~*~*~ (outnumbered).
  7915 | Lair:1   | 7915 ||| Stepping ~*~*~tactically~*~*~ (outnumbered).
  7916 | Lair:1   | 7916 ||| Stepping ~*~*~tactically~*~*~ (outnumbered).
  7917 | Lair:1   | 7917 ||| Stepping ~*~*~tactically~*~*~ (outnumbered).
  7918 | Lair:1   | 7918 ||| Stepping ~*~*~tactically~*~*~ (outnumbered).
  7919 | Lair:1   | 7919 ||| Stepping ~*~*~tactically~*~*~ (outnumbered).
  7920 | Lair:1   | 7920 ||| Stepping ~*~*~tactically~*~*~ (outnumbered).
  7921 | Lair:1   | 7921 ||| Stepping ~*~*~tactically~*~*~ (outnumbered).
  7922 | Lair:1   | 7922 ||| Stepping ~*~*~tactically~*~*~ (outnumbered).
  7923 | Lair:1   | 7923 ||| Stepping ~*~*~tactically~*~*~ (outnumbered).
  7924 | Lair:1   | 7924 ||| Stepping ~*~*~tactically~*~*~ (outnumbered).
  7925 | Lair:1   | 7925 ||| Stepping ~*~*~tactically~*~*~ (outnumbered).
  7926 | Lair:1   | 7926 ||| Stepping ~*~*~tactically~*~*~ (outnumbered).
  7927 | Lair:1   | 7927 ||| Stepping ~*~*~tactically~*~*~ (outnumbered).
  7928 | Lair:1   | 7928 ||| Stepping ~*~*~tactically~*~*~ (outnumbered).
  7929 | Lair:1   | 7929 ||| Stepping ~*~*~tactically~*~*~ (outnumbered).
  7930 | Lair:1   | 7930 ||| Stepping ~*~*~tactically~*~*~ (outnumbered).
  7931 | Lair:1   | 7931 ||| Stepping ~*~*~tactically~*~*~ (outnumbered).
  7932 | Lair:1   | 7932 ||| Stepping ~*~*~tactically~*~*~ (outnumbered).
  7933 | Lair:1   | 7933 ||| Stepping ~*~*~tactically~*~*~ (outnumbered).
  7935 | Lair:1   | 7935 ||| Stepping ~*~*~tactically~*~*~ (outnumbered).
  7936 | Lair:1   | 7936 ||| Stepping ~*~*~tactically~*~*~ (outnumbered).
  7937 | Lair:1   | 7937 ||| Stepping ~*~*~tactically~*~*~ (outnumbered).
  7956 | Lair:1   | Reached skill level 6 in Shields
  7967 | Lair:1   | Identified the +6 trident of Demonkind {vorpal, Fly rC- rN+
                  | Str+5}
  8087 | Lair:1   | 8087 ||| INVOKING Fiery Armour.
  8088 | Lair:1   | 8088 ||| Stepping ~*~*~tactically~*~*~ (outnumbered).
  8091 | Lair:1   | 8091 ||| Stepping ~*~*~tactically~*~*~ (outnumbered).
  8092 | Lair:1   | 8092 ||| Stepping ~*~*~tactically~*~*~ (outnumbered).
  8093 | Lair:1   | 8093 ||| Stepping ~*~*~tactically~*~*~ (outnumbered).
  8094 | Lair:1   | 8094 ||| Stepping ~*~*~tactically~*~*~ (outnumbered).
  8095 | Lair:1   | 8095 ||| Stepping ~*~*~tactically~*~*~ (outnumbered).
  8096 | Lair:1   | 8096 ||| Stepping ~*~*~tactically~*~*~ (outnumbered).
  8097 | Lair:1   | 8097 ||| Stepping ~*~*~tactically~*~*~ (outnumbered).
  8098 | Lair:1   | 8098 ||| Stepping ~*~*~tactically~*~*~ (outnumbered).
  8099 | Lair:1   | 8099 ||| Stepping ~*~*~tactically~*~*~ (outnumbered).
  8100 | Lair:1   | 8100 ||| Stepping ~*~*~tactically~*~*~ (outnumbered).
  8103 | Lair:1   | 8103 ||| Stepping ~*~*~tactically~*~*~ (outnumbered).
  8105 | Lair:1   | 8105 ||| Stepping ~*~*~tactically~*~*~ (outnumbered).
  8106 | Lair:1   | 8106 ||| Stepping ~*~*~tactically~*~*~ (outnumbered).
  8108 | Lair:1   | 8108 ||| Stepping ~*~*~tactically~*~*~ (outnumbered).
  8109 | Lair:1   | 8109 ||| Stepping ~*~*~tactically~*~*~ (outnumbered).
  8110 | Lair:1   | 8110 ||| Stepping ~*~*~tactically~*~*~ (outnumbered).
  8111 | Lair:1   | 8111 ||| Stepping ~*~*~tactically~*~*~ (outnumbered).
  8112 | Lair:1   | 8112 ||| Stepping ~*~*~tactically~*~*~ (outnumbered).
  8378 | Lair:1   | 8378 ||| DROPPING ring of willpower.
  8398 | Lair:2   | Noticed Gastronok
  8419 | Lair:2   | 8419 ||| INVOKING Fiery Armour.
  8419 | Lair:2   | HP: 19/105 [Gastronok/the air (20)]
  8423 | Lair:2   | Killed Gastronok
  8424 | Lair:2   | Reached XP level 12. HP: 32/114 MP: 12/12
  8552 | Lair:2   | 8552 ||| Stepping ~*~*~tactically~*~*~ (stealth).
  8553 | Lair:2   | 8553 ||| Stepping ~*~*~tactically~*~*~ (stealth).
  8594 | Lair:2   | 8594 ||| INVOKING Fiery Armour.
  8596 | Lair:2   | 8596 ||| Stepping ~*~*~tactically~*~*~ (outnumbered).
  8597 | Lair:2   | 8597 ||| Stepping ~*~*~tactically~*~*~ (outnumbered).
  8598 | Lair:2   | 8598 ||| Stepping ~*~*~tactically~*~*~ (outnumbered).
  8599 | Lair:2   | 8599 ||| Stepping ~*~*~tactically~*~*~ (outnumbered).
  8600 | Lair:2   | 8600 ||| Stepping ~*~*~tactically~*~*~ (outnumbered).
  8601 | Lair:2   | 8601 ||| Stepping ~*~*~tactically~*~*~ (outnumbered).
  8632 | Lair:2   | 8632 ||| Stepping ~*~*~tactically~*~*~ (outnumbered).
  8633 | Lair:2   | 8633 ||| Stepping ~*~*~tactically~*~*~ (outnumbered).
  8634 | Lair:2   | 8634 ||| Stepping ~*~*~tactically~*~*~ (outnumbered).
  8635 | Lair:2   | 8635 ||| Stepping ~*~*~tactically~*~*~ (outnumbered).
  8636 | Lair:2   | 8636 ||| Stepping ~*~*~tactically~*~*~ (outnumbered).
  8641 | Lair:2   | 8641 ||| Stepping ~*~*~tactically~*~*~ (outnumbered).
  8642 | Lair:2   | 8642 ||| Stepping ~*~*~tactically~*~*~ (outnumbered).
  8647 | Lair:2   | 8647 ||| Stepping ~*~*~tactically~*~*~ (outnumbered).
  8648 | Lair:2   | 8648 ||| Stepping ~*~*~tactically~*~*~ (outnumbered).
  8649 | Lair:2   | 8649 ||| Stepping ~*~*~tactically~*~*~ (outnumbered).
  8650 | Lair:2   | 8650 ||| Stepping ~*~*~tactically~*~*~ (outnumbered).
  8651 | Lair:2   | 8651 ||| Stepping ~*~*~tactically~*~*~ (outnumbered).
  8653 | Lair:2   | 8653 ||| Stepping ~*~*~tactically~*~*~ (outnumbered).
  8705 | Lair:2   | Reached skill level 9 in Shields
  8706 | Lair:2   | 8706 ||| Stepping ~*~*~tactically~*~*~ (outnumbered).
  8707 | Lair:2   | 8707 ||| Stepping ~*~*~tactically~*~*~ (outnumbered).
  8708 | Lair:2   | 8708 ||| Stepping ~*~*~tactically~*~*~ (outnumbered).
  8709 | Lair:2   | 8709 ||| Stepping ~*~*~tactically~*~*~ (outnumbered).
  8710 | Lair:2   | 8710 ||| Stepping ~*~*~tactically~*~*~ (outnumbered).
  8711 | Lair:2   | 8711 ||| Stepping ~*~*~tactically~*~*~ (outnumbered).
  8712 | Lair:2   | 8712 ||| Stepping ~*~*~tactically~*~*~ (outnumbered).
  8713 | Lair:2   | 8713 ||| Stepping ~*~*~tactically~*~*~ (outnumbered).
  8714 | Lair:2   | 8714 ||| Stepping ~*~*~tactically~*~*~ (outnumbered).
  8715 | Lair:2   | 8715 ||| STAIRDANCE
  8716 | Lair:2   | 8716 ||| Stepping ~*~*~tactically~*~*~ (outnumbered).
  8717 | Lair:2   | 8717 ||| Stepping ~*~*~tactically~*~*~ (outnumbered).
  8718 | Lair:2   | 8718 ||| Stepping ~*~*~tactically~*~*~ (outnumbered).
  8719 | Lair:2   | 8719 ||| Stepping ~*~*~tactically~*~*~ (outnumbered).
  8720 | Lair:2   | 8720 ||| Stepping ~*~*~tactically~*~*~ (outnumbered).
  8721 | Lair:2   | 8721 ||| Stepping ~*~*~tactically~*~*~ (outnumbered).
  8722 | Lair:2   | 8722 ||| Stepping ~*~*~tactically~*~*~ (outnumbered).
  8723 | Lair:2   | 8723 ||| Stepping ~*~*~tactically~*~*~ (outnumbered).
  8724 | Lair:2   | 8724 ||| Stepping ~*~*~tactically~*~*~ (outnumbered).
  8776 | Lair:2   | 8776 ||| Stepping ~*~*~tactically~*~*~ (outnumbered).
  8777 | Lair:2   | 8777 ||| Stepping ~*~*~tactically~*~*~ (outnumbered).
  8778 | Lair:2   | 8778 ||| Stepping ~*~*~tactically~*~*~ (outnumbered).
  8825 | Lair:2   | 8825 ||| Stepping ~*~*~tactically~*~*~ (outnumbered).
  8844 | Lair:2   | 8844 ||| Stepping ~*~*~tactically~*~*~ (outnumbered).
  8853 | Lair:2   | 8853 ||| Stepping ~*~*~tactically~*~*~ (hiding).
  8907 | Lair:2   | 8907 ||| Stepping ~*~*~tactically~*~*~ (stealth).
  8908 | Lair:2   | 8908 ||| Stepping ~*~*~tactically~*~*~ (stealth).
  8911 | Lair:2   | 8911 ||| Stepping ~*~*~tactically~*~*~ (hiding).
  8941 | Lair:2   | Found a staircase to the Snake Pit.
  8942 | Lair:2   | 8942 ||| PLANNING TEMPLE
  8953 | Lair:2   | 8953 ||| READING scroll labelled YLUERAC UCRA.
  9054 | Lair:2   | 9054 ||| READING 7 scrolls of identify.
  9054 | Lair:2   | 9054 ||| IDENTIFYING white potion
  9055 | Lair:2   | 9055 ||| DROPPING potion of flight.
  9196 | Temple   | Entered the Ecumenical Temple
  9213 | Temple   | 9213 ||| PLANNING CONVERSION TO OKAWARU
  9220 | Temple   | Fell from the grace of Ignis
  9220 | Temple   | Became a worshipper of Warmaster Okawaru
  9221 | Temple   | 9221 ||| PLANNING LAIR
  9436 | Lair:2   | Noticed a death yak
  9441 | Lair:2   | Noticed a death yak
  9451 | Lair:2   | Killed a death yak
  9457 | Lair:2   | Killed a death yak
  9458 | Lair:2   | Reached skill level 16 in Unarmed Combat
  9468 | Lair:2   | 9468 ||| FLEEEEING.
  9469 | Lair:2   | 9469 ||| FLEEEEING.
  9470 | Lair:2   | 9470 ||| FLEEEEING.
  9471 | Lair:2   | 9471 ||| FLEEEEING.
  9472 | Lair:2   | 9472 ||| FLEEEEING.
  9473 | Lair:2   | 9473 ||| FLEEEEING.
  9474 | Lair:2   | 9474 ||| FLEEEEING.
  9475 | Lair:2   | 9475 ||| FLEEEEING.
  9476 | Lair:2   | 9476 ||| FLEEEEING.
  9477 | Lair:2   | 9477 ||| FLEEEEING.
  9478 | Lair:2   | 9478 ||| FLEEEEING.
  9479 | Lair:2   | 9479 ||| FLEEEEING.
  9480 | Lair:2   | 9480 ||| FLEEEEING.
  9481 | Lair:2   | 9481 ||| FLEEEEING.
  9482 | Lair:2   | 9482 ||| FLEEEEING.
  9486 | Lair:2   | Reached * piety under Okawaru
  9562 | Lair:2   | Noticed a six-headed hydra
  9563 | Lair:2   | 9563 ||| INVOKING Heroism.
  9574 | Lair:2   | Killed a 12-headed hydra
  9575 | Lair:2   | Reached skill level 1 in Invocations
  9575 | Lair:2   | 9575 ||| INVOKING Heroism.
  9638 | Lair:2   | 9638 ||| Stepping ~*~*~tactically~*~*~ (stealth).
  9641 | Lair:2   | 9641 ||| INVOKING Heroism.
  9643 | Lair:2   | 9643 ||| Stepping ~*~*~tactically~*~*~ (outnumbered).
  9715 | Lair:2   | You fall into a shaft and drop 2 floors!
  9716 | Lair:4   | 9716 ||| INVOKING Heroism.
  9717 | Lair:4   | 9717 ||| Stepping ~*~*~tactically~*~*~ (outnumbered).
  9726 | Lair:4   | 9726 ||| Stepping ~*~*~tactically~*~*~ (outnumbered).
  9727 | Lair:4   | 9727 ||| Stepping ~*~*~tactically~*~*~ (outnumbered).
  9728 | Lair:4   | 9728 ||| Stepping ~*~*~tactically~*~*~ (outnumbered).
  9729 | Lair:4   | 9729 ||| Stepping ~*~*~tactically~*~*~ (outnumbered).
  9730 | Lair:4   | 9730 ||| Stepping ~*~*~tactically~*~*~ (outnumbered).
  9730 | Lair:4   | Noticed a six-headed hydra
  9731 | Lair:4   | 9731 ||| Stepping ~*~*~tactically~*~*~ (outnumbered).
  9732 | Lair:4   | 9732 ||| Stepping ~*~*~tactically~*~*~ (outnumbered).
  9734 | Lair:4   | 9734 ||| Stepping ~*~*~tactically~*~*~ (outnumbered).
  9735 | Lair:4   | 9735 ||| Stepping ~*~*~tactically~*~*~ (outnumbered).
  9736 | Lair:4   | 9736 ||| Stepping ~*~*~tactically~*~*~ (outnumbered).
  9741 | Lair:4   | 9741 ||| INVOKING Heroism.
  9746 | Lair:4   | Killed a nine-headed hydra
  9753 | Lair:4   | Reached ** piety under Okawaru
  9754 | Lair:4   | Reached skill level 3 in Invocations
  9754 | Lair:4   | Reached XP level 13. HP: 97/124 MP: 11/14
  9763 | Lair:4   | 9763 ||| INVOKING Heroism.
  9822 | Lair:4   | 9822 ||| Stepping ~*~*~tactically~*~*~ (stealth).
  9823 | Lair:4   | 9823 ||| READING scroll labelled UWNUOKHL ZORHO.
  9825 | Lair:4   | 9825 ||| INVOKING Heroism.
  9828 | Lair:4   | 9828 ||| Stepping ~*~*~tactically~*~*~ (outnumbered).
  9832 | Lair:4   | 9832 ||| Stepping ~*~*~tactically~*~*~ (outnumbered).
  9833 | Lair:4   | 9833 ||| Stepping ~*~*~tactically~*~*~ (outnumbered).
  9834 | Lair:4   | 9834 ||| Stepping ~*~*~tactically~*~*~ (outnumbered).
  9900 | Lair:3   | 9900 ||| PLANNING GAUNTLET
  9924 | Lair:3   | 9924 ||| Stepping ~*~*~tactically~*~*~ (stealth).
  9925 | Lair:3   | 9925 ||| INVOKING Heroism.
  9952 | Lair:3   | 9952 ||| Stepping ~*~*~tactically~*~*~ (stealth).
  9954 | Lair:3   | 9954 ||| INVOKING Heroism.
  9957 | Lair:3   | 9957 ||| Stepping ~*~*~tactically~*~*~ (stealth).
  9958 | Lair:3   | 9958 ||| Stepping ~*~*~tactically~*~*~ (stealth).
  9959 | Lair:3   | 9959 ||| Stepping ~*~*~tactically~*~*~ (stealth).
  9960 | Lair:3   | 9960 ||| Stepping ~*~*~tactically~*~*~ (stealth).
  9968 | Lair:3   | 9968 ||| Stepping ~*~*~tactically~*~*~ (stealth).
 10012 | Lair:3   | Found a gate leading to a gauntlet.
 10018 | Lair:3   | You fall into a shaft and drop 2 floors!
 10018 | Lair:5   | Entered Level 5 of the Lair of Beasts
 10109 | Gauntlet | Entered a Gauntlet
 10109 | Gauntlet | Found a transporter.
 10109 | Gauntlet | Found a runed translucent door.
 10109 | Gauntlet | Found a runed translucent door.
 10109 | Gauntlet | Found a transporter.
 10109 | Gauntlet | Found a transporter.
 10110 | Gauntlet | Found a transporter.
 10111 | Gauntlet | Found a transporter.
 10114 | Gauntlet | Found a transporter.
 10122 | Gauntlet | Found a transporter.
 10123 | Gauntlet | Found a transporter.
 10125 | Gauntlet | Found a transporter.
 10125 | Gauntlet | Found a transporter.
 10133 | Gauntlet | Found a transporter.
 10133 | Gauntlet | Found a transporter.
 10228 | Gauntlet | 10228 ||| INVOKING Heroism.
 10237 | Gauntlet | HP: 26/124 [fire elemental[the fiery vengeance of Ignis]
                  | (11)]
 10239 | Gauntlet | HP: 6/124 [fire elemental[the fiery vengeance of Ignis]
                  | (10)]
 10378 | Gauntlet | 10378 ||| Stepping randomly (stuck).
 10379 | Gauntlet | 10379 ||| Stepping randomly (stuck).
 10380 | Gauntlet | 10380 ||| Stepping randomly (stuck).
 10381 | Gauntlet | 10381 ||| INVOKING Heroism.
 10385 | Gauntlet | 10385 ||| Stepping ~*~*~tactically~*~*~ (outnumbered).
 10413 | Gauntlet | 10413 ||| INVOKING Heroism.
 10435 | Gauntlet | 10435 ||| Stepping randomly (stuck).
 10437 | Gauntlet | 10437 ||| Stepping randomly (stuck).
 10438 | Gauntlet | 10438 ||| Stepping randomly (stuck).
 10439 | Gauntlet | 10439 ||| Stepping randomly (stuck).
 10441 | Gauntlet | 10441 ||| Stepping randomly (stuck).
 10443 | Gauntlet | 10443 ||| Stepping randomly (stuck).
 10444 | Gauntlet | 10444 ||| Stepping randomly (stuck).
 10445 | Gauntlet | 10445 ||| Stepping randomly (stuck).
 10568 | Gauntlet | 10568 ||| UPGRADING to +1 hat.
 10573 | Gauntlet | 10573 ||| READING 7 scrolls of identify.
 10573 | Gauntlet | 10573 ||| IDENTIFYING silvery potion
 10578 | Gauntlet | 10578 ||| INVOKING Heroism.
 10582 | Gauntlet | 10582 ||| Stepping randomly (stuck).
 10603 | Gauntlet | Identified the +0 hat of the Storm King {rCorr Int+3}
 10605 | Gauntlet | 10605 ||| DROPPING +0 hat of the Storm King {rCorr Int+3}.
 10610 | Gauntlet | 10610 ||| INVOKING Heroism.
 10624 | Gauntlet | 10624 ||| Stepping ~*~*~tactically~*~*~ (outnumbered).
 10625 | Gauntlet | 10625 ||| Stepping ~*~*~tactically~*~*~ (outnumbered).
 10627 | Gauntlet | 10627 ||| Stepping ~*~*~tactically~*~*~ (outnumbered).
 10633 | Gauntlet | Gained mutation: You occasionally shout uncontrollably at
                  | your foes. [a neqoxec]
 10648 | Gauntlet | 10648 ||| INVOKING Heroism.
 10764 | Gauntlet | Identified the +1 hat of Skepticism {-Tele Rampage rCorr}
 10771 | Gauntlet | 10771 ||| READING scroll labelled JOKIBA IHIZ.
 10807 | Gauntlet | Noticed a minotaur
 10808 | Gauntlet | 10808 ||| INVOKING Heroism.
 10813 | Gauntlet | Killed a minotaur
 10883 | Gauntlet | 10883 ||| UPGRADING to +2 cloak of stealth.
 10893 | Gauntlet | 10893 ||| DROPPING +0 cloak.
 10894 | Gauntlet | 10894 ||| READING scroll labelled GUKUSSA NURCHOD.
 10908 | Lair:3   | 10908 ||| PLANNING LAIR
 10931 | Lair:3   | 10931 ||| Stepping ~*~*~tactically~*~*~ (stealth).
 10932 | Lair:3   | 10932 ||| Stepping ~*~*~tactically~*~*~ (stealth).
 10933 | Lair:3   | 10933 ||| INVOKING Heroism.
 10940 | Lair:3   | Reached skill level 1 in Throwing
 10942 | Lair:3   | 10942 ||| Stepping ~*~*~tactically~*~*~ (outnumbered).
 10943 | Lair:3   | 10943 ||| Stepping ~*~*~tactically~*~*~ (outnumbered).
 10944 | Lair:3   | 10944 ||| Stepping ~*~*~tactically~*~*~ (outnumbered).
 10952 | Lair:3   | 10952 ||| Stepping ~*~*~tactically~*~*~ (outnumbered).
 10953 | Lair:3   | 10953 ||| Stepping ~*~*~tactically~*~*~ (outnumbered).
 10954 | Lair:3   | 10954 ||| Stepping ~*~*~tactically~*~*~ (outnumbered).
 10955 | Lair:3   | 10955 ||| Stepping ~*~*~tactically~*~*~ (outnumbered).
 10956 | Lair:3   | 10956 ||| Stepping ~*~*~tactically~*~*~ (outnumbered).
 10959 | Lair:3   | 10959 ||| INVOKING Heroism.
 11064 | Lair:2   | Reached skill level 3 in Throwing
 11075 | Lair:2   | Found a staircase to the Shoals.
 11120 | Lair:2   | 11120 ||| INVOKING Heroism.
 11122 | Lair:2   | 11122 ||| Stepping ~*~*~tactically~*~*~ (stealth).
 11140 | Lair:2   | Reached *** piety under Okawaru
 11141 | Lair:2   | 11141 ||| INVOKING Heroism.
 11255 | Lair:2   | You fall into a shaft and drop 1 floor!
 11481 | Lair:3   | 11481 ||| Stepping ~*~*~tactically~*~*~ (hiding).
 11689 | Lair:3   | 11689 ||| Stepping ~*~*~tactically~*~*~ (outnumbered).
 11697 | Lair:3   | 11697 ||| Stepping ~*~*~tactically~*~*~ (outnumbered).
 11705 | Lair:3   | 11705 ||| INVOKING Heroism.
 11712 | Lair:3   | 11712 ||| Stepping ~*~*~tactically~*~*~ (cloud).
 11717 | Lair:3   | Reached skill level 17 in Unarmed Combat
 11721 | Lair:3   | Reached **** piety under Okawaru
 11724 | Lair:3   | 11724 ||| INVOKING Heroism.
 11725 | Lair:3   | 11725 ||| Stepping ~*~*~tactically~*~*~ (outnumbered).
 11784 | Lair:3   | Identified the +3 robe of Zooreor {Archmagi}
 12008 | Lair:3   | You fall into a shaft and drop 2 floors!
 12008 | Lair:5   | Was forgiven by Ignis
 12009 | Lair:5   | 12009 ||| DROPPING +3 robe of Zooreor {Archmagi}.
 12010 | Lair:5   | 12010 ||| READING scroll labelled JEWNAG EBLA.
 12010 | Lair:5   | Identified a scroll of acquirement
 12010 | Lair:5   | 12010 ||| ACQUIRING +3 tower shield of the Unseen Realm
                  | {Int+6}
 12010 | Lair:5   | Acquired the +3 tower shield of the Unseen Realm {Int+6}
 12012 | Lair:5   | 12012 ||| UPGRADING to +3 tower shield of the Unseen Realm
                  | {Int+6}.
 12022 | Lair:5   | 12022 ||| DROPPING +0 kite shield.
 12402 | Lair:4   | 12402 ||| INVOKING Heroism.
 12407 | Lair:4   | 12407 ||| STAIRDANCE
 12418 | Lair:4   | 12418 ||| STAIRDANCE
 12428 | Lair:4   | 12428 ||| INVOKING Heroism.
 12484 | Lair:4   | Noticed Snorg
 12485 | Lair:4   | 12485 ||| INVOKING Heroism.
 12490 | Lair:4   | 12490 ||| Stepping ~*~*~tactically~*~*~ (outnumbered).
 12491 | Lair:4   | 12491 ||| Stepping ~*~*~tactically~*~*~ (outnumbered).
 12492 | Lair:4   | 12492 ||| Stepping ~*~*~tactically~*~*~ (outnumbered).
 12493 | Lair:4   | 12493 ||| Stepping ~*~*~tactically~*~*~ (outnumbered).
 12494 | Lair:4   | 12494 ||| Stepping ~*~*~tactically~*~*~ (outnumbered).
 12495 | Lair:4   | 12495 ||| Stepping ~*~*~tactically~*~*~ (outnumbered).
 12496 | Lair:4   | 12496 ||| Stepping ~*~*~tactically~*~*~ (outnumbered).
 12498 | Lair:4   | 12498 ||| Stepping ~*~*~tactically~*~*~ (outnumbered).
 12499 | Lair:4   | 12499 ||| INVOKING Heroism.
 12500 | Lair:4   | 12500 ||| Stepping ~*~*~tactically~*~*~ (outnumbered).
 12501 | Lair:4   | 12501 ||| Stepping ~*~*~tactically~*~*~ (outnumbered).
 12502 | Lair:4   | 12502 ||| Stepping ~*~*~tactically~*~*~ (outnumbered).
 12503 | Lair:4   | 12503 ||| Stepping ~*~*~tactically~*~*~ (outnumbered).
 12504 | Lair:4   | 12504 ||| Stepping ~*~*~tactically~*~*~ (outnumbered).
 12505 | Lair:4   | 12505 ||| Stepping ~*~*~tactically~*~*~ (outnumbered).
 12506 | Lair:4   | 12506 ||| Stepping ~*~*~tactically~*~*~ (outnumbered).
 12507 | Lair:4   | 12507 ||| Stepping ~*~*~tactically~*~*~ (outnumbered).
 12508 | Lair:4   | 12508 ||| Stepping ~*~*~tactically~*~*~ (outnumbered).
 12509 | Lair:4   | 12509 ||| Stepping ~*~*~tactically~*~*~ (outnumbered).
 12510 | Lair:4   | 12510 ||| Stepping ~*~*~tactically~*~*~ (outnumbered).
 12511 | Lair:4   | 12511 ||| Stepping ~*~*~tactically~*~*~ (outnumbered).
 12512 | Lair:4   | 12512 ||| Stepping ~*~*~tactically~*~*~ (outnumbered).
 12513 | Lair:4   | 12513 ||| Stepping ~*~*~tactically~*~*~ (outnumbered).
 12514 | Lair:4   | 12514 ||| Stepping ~*~*~tactically~*~*~ (outnumbered).
 12515 | Lair:4   | 12515 ||| Stepping ~*~*~tactically~*~*~ (outnumbered).
 12516 | Lair:4   | 12516 ||| Stepping ~*~*~tactically~*~*~ (outnumbered).
 12517 | Lair:4   | 12517 ||| Stepping ~*~*~tactically~*~*~ (outnumbered).
 12519 | Lair:4   | 12519 ||| Stepping ~*~*~tactically~*~*~ (outnumbered).
 12525 | Lair:4   | 12525 ||| INVOKING Heroism.
 12527 | Lair:4   | Killed Snorg
 12536 | Lair:4   | Received a gift from Okawaru
 12676 | Lair:4   | 12676 ||| INVOKING Heroism.
 12866 | Lair:4   | 12866 ||| INVOKING Heroism.
 12868 | Lair:4   | 12868 ||| Stepping ~*~*~tactically~*~*~ (stealth).
 12871 | Lair:4   | Received a gift from Okawaru
 12973 | Lair:4   | 12973 ||| DROPPING ring of resist corrosion.
 12989 | Lair:5   | 12989 ||| INVOKING Heroism.
 12997 | Lair:5   | Reached XP level 14. HP: 133/133 MP: 14/17
 12998 | Lair:5   | 12998 ||| Stepping ~*~*~tactically~*~*~ (stealth).
 13001 | Lair:5   | 13001 ||| Stepping ~*~*~tactically~*~*~ (stealth).
 13003 | Lair:5   | 13003 ||| Stepping ~*~*~tactically~*~*~ (outnumbered).
 13004 | Lair:5   | 13004 ||| Stepping ~*~*~tactically~*~*~ (outnumbered).
 13013 | Lair:5   | Reached skill level 6 in Invocations
 13015 | Lair:5   | 13015 ||| INVOKING Heroism.
 13017 | Lair:5   | 13017 ||| Stepping ~*~*~tactically~*~*~ (hiding).
 13022 | Lair:5   | 13022 ||| Stepping ~*~*~tactically~*~*~ (outnumbered).
 13023 | Lair:5   | 13023 ||| Stepping ~*~*~tactically~*~*~ (outnumbered).
 13031 | Lair:5   | 13031 ||| INVOKING Heroism.
 13091 | Lair:5   | 13091 ||| Stepping ~*~*~tactically~*~*~ (stealth).
 13093 | Lair:5   | 13093 ||| Stepping ~*~*~tactically~*~*~ (stealth).
 13148 | Lair:5   | 13148 ||| INVOKING Heroism.
 13152 | Lair:5   | 13152 ||| Stepping ~*~*~tactically~*~*~ (outnumbered).
 13250 | Lair:5   | 13250 ||| INVOKING Heroism.
 13264 | Lair:5   | Received a gift from Okawaru
 13265 | Lair:5   | Reached skill level 12 in Shields
 13352 | Lair:5   | 13352 ||| Stepping ~*~*~tactically~*~*~ (stealth).
 13356 | Lair:5   | 13356 ||| INVOKING Heroism.
 13494 | Lair:5   | 13494 ||| INVOKING Heroism.
 13594 | Lair:5   | 13594 ||| Stepping ~*~*~tactically~*~*~ (stealth).
 13598 | Lair:5   | 13598 ||| INVOKING Heroism.
 13603 | Lair:5   | 13603 ||| Stepping ~*~*~tactically~*~*~ (outnumbered).
 13775 | Lair:5   | 13775 ||| INVOKING Heroism.
 13776 | Lair:5   | 13776 ||| Stepping ~*~*~tactically~*~*~ (outnumbered).
 13777 | Lair:5   | 13777 ||| Stepping ~*~*~tactically~*~*~ (outnumbered).
 13778 | Lair:5   | 13778 ||| Stepping ~*~*~tactically~*~*~ (outnumbered).
 13779 | Lair:5   | 13779 ||| Stepping ~*~*~tactically~*~*~ (outnumbered).
 13781 | Lair:5   | 13781 ||| Stepping ~*~*~tactically~*~*~ (outnumbered).
 13783 | Lair:5   | 13783 ||| Stepping ~*~*~tactically~*~*~ (outnumbered).
 13932 | Lair:5   | Found a staircase to the Slime Pits.
 14091 | Lair:5   | 14091 ||| PLANNING D:1-11
 14091 | Lair:5   | 14091 ||| DROPPING ring of see invisible.
 14210 | D:10     | Entered Level 10 of the Dungeon
 14214 | D:10     | 14214 ||| Stepping ~*~*~tactically~*~*~ (outnumbered).
 14215 | D:10     | 14215 ||| Stepping ~*~*~tactically~*~*~ (outnumbered).
 14216 | D:10     | 14216 ||| Stepping ~*~*~tactically~*~*~ (outnumbered).
 14217 | D:10     | 14217 ||| Stepping ~*~*~tactically~*~*~ (outnumbered).
 14218 | D:10     | 14218 ||| Stepping ~*~*~tactically~*~*~ (outnumbered).
 14219 | D:10     | 14219 ||| Stepping ~*~*~tactically~*~*~ (outnumbered).
 14220 | D:10     | 14220 ||| Stepping ~*~*~tactically~*~*~ (outnumbered).
 14221 | D:10     | 14221 ||| Stepping ~*~*~tactically~*~*~ (outnumbered).
 14222 | D:10     | 14222 ||| Stepping ~*~*~tactically~*~*~ (outnumbered).
 14271 | D:10     | 14271 ||| Stepping ~*~*~tactically~*~*~ (stealth).
 14272 | D:10     | 14272 ||| Stepping ~*~*~tactically~*~*~ (hiding).
 14273 | D:10     | 14273 ||| Stepping ~*~*~tactically~*~*~ (hiding).
 14274 | D:10     | 14274 ||| Stepping ~*~*~tactically~*~*~ (hiding).
 14279 | D:10     | 14279 ||| INVOKING Heroism.
 14284 | D:10     | 14284 ||| Stepping ~*~*~tactically~*~*~ (outnumbered).
 14285 | D:10     | 14285 ||| Stepping ~*~*~tactically~*~*~ (outnumbered).
 14299 | D:10     | 14299 ||| Stepping ~*~*~tactically~*~*~ (outnumbered).
 14380 | D:10     | 14380 ||| Stepping ~*~*~tactically~*~*~ (stealth).
 14382 | D:10     | 14382 ||| INVOKING Heroism.
 14385 | D:10     | 14385 ||| Stepping ~*~*~tactically~*~*~ (outnumbered).
 14389 | D:10     | 14389 ||| Stepping ~*~*~tactically~*~*~ (outnumbered).
 14573 | D:10     | 14573 ||| Stepping ~*~*~tactically~*~*~ (hiding).
 14675 | D:10     | 14675 ||| Stepping ~*~*~tactically~*~*~ (hiding).
 14777 | D:10     | 14777 ||| Stepping ~*~*~tactically~*~*~ (hiding).
 14847 | D:10     | 14847 ||| INVOKING Heroism.
 14867 | D:10     | 14867 ||| Stepping ~*~*~tactically~*~*~ (stealth).
 14870 | D:10     | 14870 ||| Stepping ~*~*~tactically~*~*~ (stealth).
 14872 | D:10     | 14872 ||| Stepping ~*~*~tactically~*~*~ (stealth).
 14874 | D:10     | 14874 ||| Stepping ~*~*~tactically~*~*~ (stealth).
 14876 | D:10     | 14876 ||| Stepping ~*~*~tactically~*~*~ (stealth).
 14973 | D:10     | 14973 ||| Stepping ~*~*~tactically~*~*~ (hiding).
 14985 | D:10     | 14985 ||| Stepping ~*~*~tactically~*~*~ (hiding).
 14986 | D:10     | 14986 ||| Stepping ~*~*~tactically~*~*~ (hiding).
 15004 | D:10     | Found a blossoming altar of Fedhas.
 15126 | D:10     | 15126 ||| INVOKING Heroism.
 15217 | D:10     | 15217 ||| DROPPING amulet of guardian spirit.
 15218 | D:10     | 15218 ||| READING 13 scrolls of identify.
 15218 | D:10     | 15218 ||| IDENTIFYING red potion
 15219 | D:10     | 15219 ||| DROPPING potion of berserk rage.
 15279 | D:11     | 15279 ||| Stepping ~*~*~tactically~*~*~ (stealth).
 15282 | D:11     | 15282 ||| Stepping ~*~*~tactically~*~*~ (outnumbered).
 15283 | D:11     | 15283 ||| Stepping ~*~*~tactically~*~*~ (outnumbered).
 15284 | D:11     | 15284 ||| STAIRDANCE
 15289 | D:11     | 15289 ||| Stepping ~*~*~tactically~*~*~ (outnumbered).
 15290 | D:11     | 15290 ||| Stepping ~*~*~tactically~*~*~ (outnumbered).
 15291 | D:11     | 15291 ||| Stepping ~*~*~tactically~*~*~ (outnumbered).
 15292 | D:11     | 15292 ||| Stepping ~*~*~tactically~*~*~ (outnumbered).
 15293 | D:11     | 15293 ||| Stepping ~*~*~tactically~*~*~ (outnumbered).
 15294 | D:11     | 15294 ||| INVOKING Heroism.
 15301 | D:11     | 15301 ||| Stepping ~*~*~tactically~*~*~ (hiding).
 15325 | D:11     | 15325 ||| Stepping ~*~*~tactically~*~*~ (hiding).
 15358 | D:11     | 15358 ||| Stepping ~*~*~tactically~*~*~ (stealth).
 15360 | D:11     | 15360 ||| Stepping ~*~*~tactically~*~*~ (hiding).
 15361 | D:11     | 15361 ||| Stepping ~*~*~tactically~*~*~ (hiding).
 15361 | D:11     | Found a staircase to the Orcish Mines.
 15362 | D:11     | 15362 ||| Stepping ~*~*~tactically~*~*~ (hiding).
 15377 | D:11     | 15377 ||| Stepping ~*~*~tactically~*~*~ (hiding).
 15380 | D:11     | 15380 ||| Stepping ~*~*~tactically~*~*~ (hiding).
 15459 | D:11     | 15459 ||| INVOKING Heroism.
 15478 | D:11     | Received a gift from Okawaru
 15884 | D:11     | Found Bokojiff's Antique Armour Shoppe.
 15890 | D:11     | 15890 ||| BUYING embroidered cloak (202 gold).
 15890 | D:11     | Bought an embroidered cloak for 202 gold pieces
 15972 | D:11     | 15972 ||| Stepping ~*~*~tactically~*~*~ (stealth).
 15975 | D:11     | 15975 ||| Stepping ~*~*~tactically~*~*~ (hiding).
 16030 | D:11     | Found Gucestag's Assorted Antiques.
 16034 | D:11     | Found Anetap's Distillery.
 16038 | D:11     | 16038 ||| FLEEEEING.
 16039 | D:11     | 16039 ||| FLEEEEING.
 16040 | D:11     | 16040 ||| FLEEEEING.
 16041 | D:11     | 16041 ||| FLEEEEING.
 16076 | D:11     | 16076 ||| BUYING scorched glass ring (140 gold).
 16076 | D:11     | Bought a scorched glass ring for 140 gold pieces
 16076 | D:11     | Identified the ring "Uneneam" {Fly Will+ Dex+4} (You bought
                  | it in a shop on level 11 of the Dungeon)
 16076 | D:11     | 16076 ||| BUYING scroll of enchant armour (210 gold).
 16076 | D:11     | Bought a scroll of enchant armour for 210 gold pieces
 16076 | D:11     | 16076 ||| READING scroll of enchant armour.
 16076 | D:11     | 16076 ||| ENCHANTING +0 swamp dragon scales.
 16083 | D:11     | 16083 ||| BUYING potion of haste (130 gold).
 16083 | D:11     | Bought a potion of haste for 130 gold pieces
 16083 | D:11     | 16083 ||| SHOPLISTING potion of might (52 gold, have 27).
 16083 | D:11     | 16083 ||| SHOPLISTING potion of mutation (104 gold, have
                  | 27).
 16088 | D:11     | Found Etimu's Assorted Antiques.
 16096 | D:11     | 16096 ||| INVOKING Heroism.
 16318 | D:11     | 16318 ||| PLANNING D
 16318 | D:11     | 16318 ||| DROPPING +2 troll leather armour {Snorg}.
 16319 | D:11     | 16319 ||| DROPPING +0 cloak of stealth.
 16320 | D:11     | 16320 ||| DROPPING ring "Uneneam" {Fly Will+ Dex+4}.
 16358 | D:12     | 16358 ||| INVOKING Heroism.
 16399 | D:12     | Reached skill level 9 in Invocations
 16425 | D:12     | 16425 ||| Stepping ~*~*~tactically~*~*~ (hiding).
 16527 | D:12     | 16527 ||| Stepping ~*~*~tactically~*~*~ (hiding).
 16678 | D:12     | 16678 ||| INVOKING Heroism.
 16728 | D:12     | 16728 ||| INVOKING Heroism.
 16819 | D:12     | 16819 ||| INVOKING Heroism.
 16972 | D:12     | 16972 ||| Stepping ~*~*~tactically~*~*~ (hiding).
 17001 | D:12     | 17001 ||| Stepping ~*~*~tactically~*~*~ (stealth).
 17003 | D:12     | 17003 ||| Stepping ~*~*~tactically~*~*~ (stealth).
 17069 | D:12     | Identified the +0 robe of Opousuuxum {MP+9}
 17282 | D:12     | Identified the +2 plate armour "Fycrug" {Harm}
 17285 | D:12     | 17285 ||| DROPPING +0 robe of Opousuuxum {MP+9}.
 17364 | D:13     | 17364 ||| Stepping ~*~*~tactically~*~*~ (hiding).
 17402 | D:13     | 17402 ||| INVOKING Heroism.
 17552 | D:13     | 17552 ||| INVOKING Heroism.
 17589 | D:13     | 17589 ||| Stepping ~*~*~tactically~*~*~ (stealth).
 17591 | D:13     | 17591 ||| INVOKING Heroism.
 17597 | D:13     | 17597 ||| Stepping ~*~*~tactically~*~*~ (outnumbered).
 17598 | D:13     | 17598 ||| Stepping ~*~*~tactically~*~*~ (outnumbered).
 17610 | D:13     | 17610 ||| Stepping ~*~*~tactically~*~*~ (outnumbered).
 17611 | D:13     | 17611 ||| Stepping ~*~*~tactically~*~*~ (outnumbered).
 17618 | D:13     | 17618 ||| Stepping ~*~*~tactically~*~*~ (outnumbered).
 17629 | D:13     | 17629 ||| INVOKING Heroism.
 17647 | D:13     | HP: 32/133 [13-headed hydra[a human] (6)]
 17647 | D:13     | HP: 8/133 [skeletal warrior/+0 trident[a human] (21)]
 17648 | D:13     | 17648 ||| READING 8 scrolls of teleportation.
 17648 | D:13     | HP: 2/133 [13-headed hydra[a human] (8)]
 17649 | D:13     | 17649 ||| DRINKING 5 potions of heal wounds.
 17649 | D:13     | Slain by a 13-headed hydra

Levels and vault maps discovered:
D:1:      lemuel_arrival_tunnels, layout_loops_ring,
          ebering_ecumenical_altar_rust
D:2:      layout_basic, basic_altar, hangedman_decor_opposing
D:3:      layout_loops_corners, uniq_sigmund, uniq_jessica, uniq_ijyb
D:4:      layout_cave_pods, chequers_temple_overflow_statue_of_worship,
          led_sif_pool
D:5:      layout_cave_pools, mainiacjoe_overflow_six_doors_small,
          makhleb_grotto_becter, serial_shops, nicolae_shop_bloodbath_and_beyond
D:6:      kennysheep_kobold_camp, layout_cave_pools,
          mainiacjoe_overflow_large_starburst, mainiacjoe_overflow_swirl,
          nicolae_shop_overcharged_wands
D:7:      layout_basic, minmay_temple_entry_ruins,
          chequers_serial_rivers_large_b, patterned_corridor
D:8:      layout_loops_cross, gammafunk_ghost_hydra_chop, minmay_quadrilaterals,
          uniq_maggie, uniq_erica, uniq_grum
D:9:      hangedman_screamer, layout_long_grid, nicolae_wu_jian_wuxing_cycle,
          serial_shops, kennysheep_mini_moat
D:10:     layout_gridville, kennysheep_little_box, skrybe_limestone_x
D:11:     layout_basic, david_orc_3, serial_shops, shop_statue, shop,
          nicolae_shop_waterfront, shop_statue
D:12:     layout_roguey, minivault_5, uniq_josephine
D:13:     layout_basic, grunt_vaults_entry_tiered
Temple:   nicolae_temple_cloud_nine
Lair:1:   layout_cave_shapes, grunt_megastairs_5, infiniplex_staircase_pool_2,
          serial_bayou_shore_b
Lair:2:   beast_lair_carwin_large_2, layout_chaotic_city,
          elwin_shoals_entry_rooms, minmay_snake_entry_guardpost_medium,
          minivault_24, serial_bayou_shore_b, uniq_gastronok
Lair:3:   layout_chaotic_city, gauntlet_entry_generic, nzn_random_ring
Lair:4:   layout_hall_layers, infiniplex_staircase_pool, uniq_snorg
Lair:5:   minmay_lair_end_frog_pond, layout_loops_ring, slime_entry_1,
          minmay_hedge_maze, wad_woods_road_03, chequers_serial_rivers_small_a

Skill      XL: |  1  2  3  4  5  6  7  8  9 10 11 12 13 14 |
---------------+-------------------------------------------+-----
Unarmed Combat | 4 6 8 9 12 13 15 16 17 | 17.0
Fighting       | 3 4 5 6 7 |  7.0
Dodging        | 1 |  1.2
Armour         | 2 3 |  3.1
Shields        | 7 11 13 | 13.7
Invocations    | 3 5 9 |  9.4
Throwing       | 5 |  5.9
Spellcasting   | |  1.0
Fire Magic     | |  2.1

Action                   |  1- 3 |  4- 6 |  7- 9 | 10-12 | 13-15 || total
-------------------------+-------+-------+-------+-------+-------++-------
Melee: Unarmed           |    98 |   138 |   226 |   476 |   888 ||  1826
       Punch             |       |     2 |     4 |    11 |       ||    17
Throw: Javelin           |       |       |       |       |   108 ||   108
       Large rock        |       |       |       |       |    29 ||    29
Invok: Fiery Armour      |       |     1 |     6 |     6 |       ||    13
       Heroism           |       |       |       |     5 |    48 ||    53
  Use: Scroll            |     7 |     5 |     7 |     3 |     8 ||    30
       Potion            |     1 |     2 |     4 |       |     1 ||     8
 Stab: Petrified         |       |       |       |       |     1 ||     1
Armor: Robe              |    36 |    33 |    72 |       |       ||   141
       Swamp dragon scal |       |       |    15 |   299 |   331 ||   645
Dodge: Dodged            |    40 |    42 |    81 |   258 |   313 ||   734
Block: Kite shield       |       |       |       |   162 |   162 ||   324
       Tower shield      |       |       |       |       |   584 ||   584

Table legend:
 A = Non-vault XP
 B = Vault XP
 C = Vault XP percentage of total XP
 D = Non-vault monster count
 E = Vault monster count
 F = Vault count percentage of total count
                 A         B        C        D         E       F
            +---------+---------+-------+---------+---------+-------
      Total |   67827 |   34394 |  33.6 |     444 |     155 |  25.9
            +---------+---------+-------+---------+---------+-------
        D:1 |      42 |       0 |   0.0 |      23 |       0 |   0.0
        D:2 |      39 |       0 |   0.0 |      13 |       0 |   0.0
        D:3 |      28 |     301 |  91.5 |      14 |       3 |  17.6
        D:4 |     233 |       0 |   0.0 |      22 |       0 |   0.0
        D:5 |     477 |      48 |   9.1 |      14 |       1 |   6.7
        D:6 |    1071 |     122 |  10.2 |      33 |      21 |  38.9
        D:7 |     435 |       0 |   0.0 |       7 |       0 |   0.0
        D:8 |     521 |    2046 |  79.7 |      18 |       9 |  33.3
        D:9 |    3743 |    5562 |  59.8 |      38 |      29 |  43.3
       D:10 |    4530 |       3 |   0.1 |      41 |       1 |   2.4
       D:11 |    7358 |     330 |   4.3 |      32 |       9 |  22.0
       D:12 |    3253 |       0 |   0.0 |      12 |       0 |   0.0
       D:13 |    5159 |    1586 |  23.5 |      14 |       8 |  36.4
     Lair:1 |    5306 |     295 |   5.3 |      25 |       2 |   7.4
     Lair:2 |   12684 |    4670 |  26.9 |      46 |      17 |  27.0
     Lair:3 |    6473 |    5038 |  43.8 |      27 |      12 |  30.8
     Lair:4 |    9894 |     914 |   8.5 |      40 |       1 |   2.4
     Lair:5 |    5804 |   10109 |  63.5 |      23 |      35 |  60.3
   Gauntlet |     777 |    3370 |  81.3 |       2 |       7 |  77.8
            +---------+---------+-------+---------+---------+-------
